 Dungeon Crawl Stone Soup version 0.24.0-37-gcf1ca852f1 (webtiles) character file.

Game seed: 1482780184380287413, levelgen mode: deterministic

1325 Goreval the Insei (level 8, -2/52 HPs)
             Began as an Octopode Transmuter on Dec 7, 2019.
             Was an Initiate of Cheibriados.
             Shot with an arrow by a centaur (10 damage)
             ... on level 6 of the Dungeon.
             The game lasted 00:12:59 (8129 turns).

Goreval the Insei (Octopode Transmuter)             Turns: 8129, Time: 00:13:00

Health: -2/52      AC:  1    Str: 10    XL:     8   Next: 60%
Magic:  3/13       EV: 15    Int: 17    God:    Cheibriados [......]
Gold:   226        SH:  0    Dex: 15    Spells: 4/14 levels left

rFire    . . .     SeeInvis .     - Unarmed
rCold    . . .     Gourm    .   (no shield)
rNeg     . . .     Faith    .   (helmet restricted)
rPois    .         Spirit   .   (no amulet)
rElec    .         Reflect  .   (no ring)
rCorr    .         Harm     .   (no ring)
MR       .....                  (no ring)
Stlth    ++........             (no ring)
HPRegen  0.17/turn              (no ring)
MPRegen  0.13/turn              (no ring)
                                (no ring)
                                (no ring)

@: very slow
A: almost no armour, stealthy swim, amphibious, 8 rings, constrict 8, camouflage
1, gelatinous body 1
a: Bend Time, Renounce Religion


You were on level 6 of the Dungeon.
You worshipped Cheibriados.
Cheibriados was noncommittal.
You were not hungry.

You visited 2 branches of the dungeon, and saw 7 of its levels.

You collected 226 gold pieces.

Inventory:

Missiles
 a - 55 arrows
 k - 63 stones (quivered)
 q - a throwing net
Magical Staves
 j - an uncursed staff of air
Jewellery
 r - an uncursed ring of fire
Wands
 t - a wand of paralysis (6)
Scrolls
 b - 6 scrolls of identify
 d - 4 scrolls of remove curse
 e - 2 scrolls of fog {unknown}
 i - 3 scrolls of immolation {unknown}
 m - a scroll of enchant weapon {unknown}
 n - 2 scrolls of amnesia {unknown}
 o - 3 scrolls of magic mapping {unknown}
 s - a scroll of teleportation {unknown}
Potions
 f - 2 potions of might
 g - a potion of flight
 h - a potion of agility
 l - a potion of brilliance {unknown}
 p - 4 potions of curing
 u - a potion of heal wounds {unknown}
 v - 2 potions of cancellation {unknown}
Comestibles
 c - 20 rations
 w - 4 chunks of flesh


   Skills:
 + Level 3.5 Fighting
 + Level 4.0 Dodging
 * Level 5.8 Unarmed Combat
 + Level 3.8 Spellcasting
 * Level 5.4 Transmutations
 - Level 4.0 Poison Magic


You had 4 spell levels left.
You knew the following spells:

 Your Spells              Type           Power        Failure   Level  Hunger
a - Beastly Appendage     Tmut           ###...       1%          1    None
b - Spider Form           Tmut/Pois      ###.......   7%          3    ###....
c - Ice Form              Ice/Tmut       ##......     47%         4    ####...
z - Sticks to Snakes      Tmut           ###.....     2%          2    ##.....

Your spell library contained the following spells:

 Spells                   Type           Power        Failure   Level  Hunger
 Confusing Touch          Hex            #.....       16%         1    None
 Confuse                  Hex            #.......     43%         3    ###....
 Gell's Gravitas          Tloc           #.........   43%         3    ###....
 Petrify                  Tmut/Erth      ##......     47%         4    ####...
 Blade Hands              Tmut           ###.......   43%         5    ######.
 Yara's Violent Unravell  Hex/Tmut       ##........   83%         5    ######.
 Metabolic Englaciation   Hex/Ice        #.........   99%         5    ######.


Dungeon Overview and Level Annotations

Branches:
Dungeon (6/15)             Temple (1/1) D:5

Altars:
Cheibriados
Dithmenos
Elyvilon
Hepliaklqana
Kikubaaqudgha
Makhleb
Okawaru
Qazlal
Sif Muna
Trog
Uskayaw
Vehumet
Yredelemnul
Zin

Annotations:
D:3 3 runed translucent doors, Sysandra's ghost, amateur OpAE


Innate Abilities, Weirdness & Mutations

You cannot wear most types of armour.
You are very stealthy in the water. (Stealth+)
You are amphibious.
You can wear up to eight rings at the same time.
You can use your tentacles to constrict eight enemies at once.
Your skin changes colour to match your surroundings (Stealth+).
Your rubbery body absorbs attacks. (AC +1, EV +1)


Message History

Your Dodging skill increases to level 4!
You feel a bit more experienced. The orc hits you with a +0 club.
* * * LOW HITPOINT WARNING * * *
The orc closely misses you.
Your transformation has ended.
The centaur skeleton hits you.
* * * LOW HITPOINT WARNING * * *
Here: a centaur skeleton The floor.
Okay, then.
Okay, then.
You feel better. The centaur skeleton hits you.
The orc hits you with a +0 club.
* * * LOW HITPOINT WARNING * * *
The centaur wields a +0 shortbow.
The centaur shoots an arrow.
The arrow misses you.
The arrow hits the orc.
The centaur skeleton hits you!
* * * LOW HITPOINT WARNING * * *
The centaur shoots an arrow.
The arrow hits you!
You die...

o...#..#####....#
....#...').#....#
o...#...#..'..>.#
....#.o##..#....#
....#..#####....######
..o.)......#.........#
...Z#......#.........#
....#..##..#....oZ...# .
....#..##..#....@....#+##....
....#......#####..........>.#
..>.#.......##..............#
....#..##..###..............#
....#..##+####.._...........#
#......##.......##########
#......#...c....#........#
#......#...'....#........#
#......##..#....#........#


You could see a centaur, an orc and a centaur skeleton.

Vanquished Creatures
  Menkaure (D:6)
  An orc warrior (D:6)
  A sky beast (D:6)
  A phantom (D:4)
  2 ogres
  A jelly (D:6)
  2 howler monkeys
  A crimson imp (D:5)
  An orc priest (D:5)
  A bullfrog zombie (D:5)
  2 hounds
  An orc wizard (D:5)
  A centaur skeleton (D:4)
  An iguana (D:4)
  5 worker ants
  7 gnolls
  11 adders
  An ooze (D:5)
  3 worms
  3 dart slugs (D:2)
  9 leopard geckos
  18 orcs
  5 giant cockroaches
  4 hobgoblins
  A jackal (D:5)
  9 kobolds
  4 quokkas
  3 ball pythons
  9 bats
  4 frilled lizards
  5 goblins
  5 rats
123 creatures vanquished.

Notes
Turn   | Place    | Note
-------+----------+-------------------------------------------
     0 | D:1      | Goreval the Octopode Transmuter began the quest for the
                  | Orb.
     0 | D:1      | Reached XP level 1. HP: 13/13 MP: 3/3
   681 | D:1      | Reached XP level 2. HP: 5/18 MP: 3/5
   685 | D:1      | Learned a level 2 spell: Sticks to Snakes
  1338 | D:1      | Reached XP level 3. HP: 21/23 MP: 4/6
  1663 | D:2      | Learned a level 3 spell: Spider Form
  2332 | D:2      | Reached XP level 4. HP: 8/28 MP: 7/7
  2333 | D:2      | Reached skill level 1 in Poison Magic
  3265 | D:2      | Reached XP level 5. HP: 31/34 MP: 8/8
  3502 | D:3      | Found a runed translucent gate.
  3983 | D:3      | Found a runed translucent gate.
  3983 | D:3      | Found a runed translucent gate.
  4177 | D:3      | Noticed Sysandra's ghost (amateur OpAE)
  4578 | D:4      | Reached XP level 6. HP: 32/39 MP: 7/10
  5294 | D:4      | Noticed a phantom
  5303 | D:4      | Reached XP level 7. HP: 25/45 MP: 7/11
  5883 | D:5      | Entered Level 5 of the Dungeon
  6075 | D:5      | Noticed a steam dragon
  6752 | D:5      | Reached skill level 5 in Unarmed Combat
  7127 | D:5      | Found a staircase to the Ecumenical Temple.
  7136 | Temple   | Entered the Ecumenical Temple
  7156 | Temple   | Became a worshipper of Cheibriados the Contemplative
  7232 | D:5      | Found a shadowy altar of Dithmenos.
  7235 | D:5      | Reached XP level 8. HP: 52/52 MP: 11/13
  7417 | D:5      | Found a burning altar of Makhleb.
  7695 | D:6      | Learned a level 4 spell: Ice Form
  7715 | D:6      | Found a burning altar of Makhleb.
  7867 | D:6      | Noticed Menkaure
  7887 | D:6      | Killed Menkaure
  7887 | D:6      | Reached skill level 5 in Transmutations
  8129 | D:6      | Shot with an arrow by a centaur

Levels and vault maps discovered:
D:1:      roderic_dead_forest, layout_loops_ring, hangedman_glass_garden
D:2:      layout_basic
D:3:      layout_loops_ring, gammafunk_ghost_icy, first_ration
D:4:      layout_loops_ring, minmay_circle_x
D:5:      minmay_clustersquares, layout_basic, kennysheep_little_box,
          lemuel_coloured_pillars_altar, minmay_temple_entry_overgrown
D:6:      nicolae_whirlpool, layout_gridville, basic_altar, uniq_menkaure
Temple:   minmay_temple_bridge_abc

Skill      XL: |  1  2  3  4  5  6  7  8 |
---------------+-------------------------+-----
Poison Magic   | 1 2 3 4 |  4.0
Transmutations | 3 4 5 |  5.4
Fighting       | 2 3 |  3.5
Unarmed Combat | 4 5 |  5.8
Dodging        | 3 4 |  4.0
Spellcasting   | 3 |  3.8

Action                   |  1- 3 |  4- 6 |  7- 9 || total
-------------------------+-------+-------+-------++-------
Melee: Unarmed           |    82 |   135 |   150 ||   367
       Constrict         |    24 |    24 |    11 ||    59
       Tentacles         |    17 |    17 |     6 ||    40
       Kick              |    11 |    14 |       ||    25
       Punch             |       |     2 |     2 ||     4
Throw: Stone             |       |       |     1 ||     1
 Cast: Beastly Appendage |    17 |     5 |     3 ||    25
       Spider Form       |       |     6 |    18 ||    24
  Use: Scroll            |       |     5 |       ||     5
       Potion            |       |     1 |     1 ||     2
 Stab: Sleeping          |    10 |     9 |     5 ||    24
  Eat: Chunk             |     5 |    10 |     8 ||    23
       Ration            |       |       |     1 ||     1
Armor: Skin              |     8 |     7 |     3 ||    18
Dodge: Dodged            |    51 |    92 |   113 ||   256
